 Dungeon Crawl Stone Soup version 0.29.1-1-gd02db6906a (webtiles) character file.

Game seed: 6892383001786465655

7 Homeless the Ruffian (level 1, 0/22 HPs)
             Began as a Troll Chaos Knight on Oct 13, 2022.
             Was a Plaything of Xom.
             Slain by Terence
             ... wielding a +0 mace of protection
              (10 damage)
             ... on level 2 of the Dungeon.
             The game lasted 00:02:17 (245 turns).

Homeless the Ruffian (Troll Chaos Knight)            Turns: 245, Time: 00:02:18

Health: 0/22       AC:  2    Str: 19    XL:     1   Next: 83%
Magic:  0/0        EV:  9    Int:  8    God:    Xom [..*...]
Gold:   36         SH:  0    Dex:  9    Spells: 0/0 levels left

rFire   . . .      SeeInvis +     - Unarmed
rCold   . . .      Faith    .   (no shield)
rNeg    . . .      Spirit   .   (body armour restricted)
rPois   .          Reflect  .   (helmet restricted)
rElec   .          Harm     .   (no cloak)
rCorr   .          Rampage  .   (gloves unavailable)
Will    .....                   (boots unavailable)
Stlth   +.........              (no amulet)
HPRegen 0.87/turn               a - ring of see invisible
MPRegen 0.07/turn               (no ring)

@: no status effects
A: large, unfitting armour, claws 3, regeneration 1, shaggy fur 1, tough skin 1
a: Renounce Religion


You were on level 2 of the Dungeon.
You worshipped Xom.
You were a toy of Xom.
You visited 1 branch of the dungeon, and saw 2 of its levels.

You collected 36 gold pieces.

Inventory:

Jewellery
 a - a ring of see invisible (left claw)
Miscellaneous
 b - a piece from Xom's chessboard (14/15) (quivered)


   Skills:
 - Level 2.4 Fighting
 - Level 1.9 Dodging
 * Level 3.5 Unarmed Combat


You couldn't memorise any spells.
You didn't know any spells.
Your spell library was empty.

Dungeon Overview and Level Annotations

Branches:
Dungeon (2/15)

Altars:

Shops:
D:2 *

Annotations:
D:2 Terence


Innate Abilities, Weirdness & Mutations

You are too large for most types of armour.
You have claws for hands.
Your natural rate of healing is unusually fast.
You are covered in fur. (AC +1)
You have tough skin. (AC +1)


Message History

A bat is nearby!
A bat is nearby!
A bat is nearby!
The bat barely misses you.
Your surroundings suddenly seem different.
Terence, a ball python and a dart slug come into view.
Terence is wielding a +0 mace of protection.
Found a potion of heal wounds, 15 gold pieces and a dagger.
Xom thinks this is hilarious!
Terence shouts!
The ball python hisses angrily.
Non-targeted evoke: piece from Xom's chessboard (15/15)
Press: ? - help, Q - select action Dir - look around, f - activate You make a move on Xom's chessboard...
Terence is outlined in light.
A worm comes into view.
You barely miss the ball python. The ball python barely misses you.
You scratch the ball python.
You kill the ball python!
You scratch Terence.
Terence is lightly wounded.
You scratch Terence but do no damage.
Terence is lightly wounded.
Terence hits you with a +0 mace of protection!
A shower of butterflies erupts from you!
You completely miss Terence.
Terence is lightly wounded.
Terence hits you with a +0 mace of protection.
The dart slug bites you.
You scratch Terence but do no damage.
Terence is lightly wounded.
Terence barely misses you. The dart slug misses you.
You scratch Terence but do no damage.
Terence is lightly wounded.
Terence hits you with a +0 mace of protection!
You are too injured to fight recklessly!
You are too injured to fight recklessly!
You are too injured to fight recklessly!
You are too injured to fight recklessly!
Terence hits you with a +0 mace of protection!
You die...
Xom thinks this is hilarious!

....... .......
....... .......
..w....
########.......
.......!w......
.......@@......
...b$.........#
......bb......#
..............#
....).........#
...b....b.....#
..............#
..............#


You could see Terence (corona, ally target), a worm and a dart slug.

Vanquished Creatures
  A bat (D:1)
  An endoplasm (D:1)
  A giant cockroach (D:1)
  2 ball pythons
  2 rats
7 creatures vanquished.

Notes
Turn   | Place    | Note
-------+----------+-------------------------------------------
     0 | D:1      | Homeless the Troll Chaos Knight began the quest for the
                  | Orb.
     0 | D:1      | Reached XP level 1. HP: 22/22 MP: 0/0
   154 | D:1      | You fall into a shaft and drop 1 floor!
   154 | D:2      | Found Beas's General Store.
   230 | D:2      | Found a faded altar of an unknown god.
   236 | D:2      | Noticed Terence
   241 | D:2      | XOM: butterfly on damage
   245 | D:2      | Slain by Terence

Illustrated notes

Levels and vault maps discovered:
D:1:      shiori_arrival_maze, layout_loops_ring, serial_forest,
          infiniplex_forest_join, infiniplex_forest_clump_medium,
          infiniplex_forest_straight_2, infiniplex_forest_corner_1,
          infiniplex_forest_straight_3, infiniplex_forest_straight_5
D:2:      layout_basic, serial_shops, nicolae_shop_hallway_stairs,
          ebering_ecumenical_altar_mist, uniq_terence

Action                   || total
-------------------------++-------
Melee: Unarmed           ||    20
Evoke: Piece from Xom's  ||     1
  Use: Scroll            ||     1
       Potion            ||     1
Armor: Skin              ||     1
Dodge: Dodged            ||     7
